 Dungeon Crawl Stone Soup version 0.26.1-2-gb8aa6d0cf2 (webtiles) character file.

Game seed: 17513221451238423110

26 Groucho the Sneak (level 2, -1/13 HPs)
             Began as a Spriggan Enchanter on Feb 21, 2021.
             Slain by a giant cockroach (2 damage)
             ... on level 2 of the Dungeon.
             The game lasted 00:01:18 (273 turns).

Groucho the Sneak (Spriggan Enchanter)               Turns: 273, Time: 00:01:19

Health: -1/13      AC:  2    Str:  4    XL:     2   Next: 89%
Magic:  6/6        EV: 18    Int: 16    God:
Gold:   11         SH:  0    Dex: 16    Spells: 5/6 levels left

rFire    . . .     SeeInvis +   a - +1 dagger
rCold    . . .     Faith    .   (shield restricted)
rNeg     . . .     Spirit   .   b - +0 robe
rPois    .         Reflect  .   (helmet restricted)
rElec    .         Harm     .   (no cloak)
rCorr    .         Rampage  .   (gloves unavailable)
Will     .....                  (boots unavailable)
Stlth    +++.......             (no amulet)
HPRegen  0.04/turn              (no ring)
MPRegen  0.10/turn              (no ring)

@: very quick
A: very small, unfitting armour, see invisible, speed 3
a: no special abilities


You were on level 2 of the Dungeon.
You visited 1 branch of the dungeon, and saw 2 of its levels.

You collected 11 gold pieces.

Inventory:

Hand Weapons
 a - a +1 dagger (weapon)
Armour
 b - a +0 robe (worn)
Scrolls
 d - 2 scrolls of identify
 e - a scroll of fog {unknown}
 f - a scroll of blinking {unknown}
Potions
 c - a potion of mutation


   Skills:
 - Level 1.1 Short Blades
 - Level 3.0 Dodging
 + Level 6.4 Stealth
 - Level 2.6 Spellcasting
 - Level 3.6 Hexes


You had 5 spell levels left.
You knew the following spells:

 Your Spells              Type           Power        Failure   Level
a - Corona                Hex            14%          4%          1

Your spell library contained the following spells:

 Spells                   Type           Power        Failure   Level
 Confusing Touch          Hex            13%          13%         3
 Tukima's Dance           Hex            13%          13%         3
 Ensorcelled Hibernation  Hex/Ice        14%          14%         2
 Dazzling Flash           Conj/Hex       14%          28%         3


Dungeon Overview and Level Annotations

Branches:
Dungeon (2/15)

Altars:

Annotations:
D:1 Natasha


Innate Abilities, Weirdness & Mutations

You are very small and have problems with some larger weapons.
You are too small for most types of armour.
You have supernaturally acute eyesight. (SInv)
You cover ground extremely quickly.


Message History

Confirm with . or Enter, or press ? or * to list all spells.
You don't know that spell.
Unknown command.
Natasha barely misses you.
Natasha casts a spell.
Natasha casts a spell at you. The magic dart hits you.
* * * LOW HITPOINT WARNING * * *
Found a short sword.
There is a stone staircase leading down here.
You climb downwards.
The giant cockroach completely misses you.
There is a stone staircase leading up here.
An orc comes into view. It is wielding a +0 hand axe.
The giant cockroach misses you. The giant cockroach misses you.
The giant cockroach closely misses you.
There is a stone staircase leading up here.
The giant cockroach bites you.
You die...

.o..###
......
#..#.#
#?...#
.....##
#.#...#
#.#..#
#######.#B.#
#..!....@<.#
........##.#
#.#####.##†#
#.##.#
#.##.#
#.....
#..### #..


You could see a giant cockroach.

Vanquished Creatures
  Natasha (D:2)
  2 bats (D:1)
  A frilled lizard (D:1)
4 creatures vanquished.

Vanquished Creatures (others)
  4 toadstools (D:2)
4 creatures vanquished.

Grand Total: 8 creatures vanquished

Notes
Turn   | Place    | Note
-------+----------+-------------------------------------------
     0 | D:1      | Groucho the Spriggan Enchanter began the quest for the Orb.
     0 | D:1      | Reached XP level 1. HP: 9/9 MP: 5/5
   210 | D:2      | Noticed Natasha
   212 | D:2      | Killed Natasha
   213 | D:2      | Reached skill level 6 in Stealth
   213 | D:2      | Reached XP level 2. HP: 13/13 MP: 6/6
   231 | D:2      | Noticed Natasha
   236 | D:2      | Noticed a crimson imp
   273 | D:2      | Slain by a giant cockroach

Illustrated notes

Levels and vault maps discovered:
D:1:      dpeg_arrival_signposts, layout_rooms, serial_forest,
          infiniplex_forest_lined_room_2, infiniplex_forest_corner_1,
          infiniplex_forest_zigzag_1, infiniplex_forest_clump_medium,
          infiniplex_forest_lined_4_way, infiniplex_forest_clump_long,
          infiniplex_forest_straight_3, infiniplex_forest_lined_3,
          infiniplex_forest_straight_2
D:2:      layout_loops_ring, minmay_gold_behind_fungi,
          okawaru_metal_pillars_1_2, uniq_natasha

Skill      XL: |  1 |
---------------+----+-----
Stealth        | 6 |  6.4
Short Blades   | |  1.1
Dodging        | |  3.0
Spellcasting   | |  2.6
Hexes          | |  3.6

Action                   || total
-------------------------++-------
Melee: Dagger            ||     5
  Use: Scroll            ||     1
 Stab: Sleeping          ||     3
Dodge: Dodged            ||     7
